 Dungeon Crawl Stone Soup version 0.17-a0-1954-g0dddeaa (webtiles) character file.

802 Gorice the Cudgeler (level 7, -2/55 HPs)
             Began as a Mummy Wanderer on Oct 3, 2015.
             Was an Initiate of Gozag.
             Slain by a mummy (13 damage)
             ... in an ossuary.
             The game lasted 00:24:51 (5963 turns).

Gorice the Cudgeler (Mummy Wanderer)                Turns: 5963, Time: 00:24:51

Health: -2/55      AC:  9    Str: 23    XL:     7   Next: 59%
Magic:  7/7        EV:  8    Int: 11    God:    Gozag
Gold:   459        SH:  0    Dex: 10    Spells: 0 memorised, 6 levels left

rFire  . . .     SeeInvis .     b - +0 hunting sling
rCold  + . .     Clarity  .     s - +1 chain mail {rF+}
rNeg   + + +     SustAt   .     (no shield)
rPois  ∞         Gourm    .     (no helmet)
rElec  .         Spirit   .     (no cloak)
rCorr  .         Warding  .     (no gloves)
rMut   .         Stasis   .     (no boots)
MR     .....                    (no amulet)
Stlth  ..........               (no ring)
                                m - +4 ring of strength

@: very slightly contaminated, not resistant to hostile enchantments, extremely
unstealthy
A: no food or potions, fire vulnerability, cold resistance 1, negative energy
resistance 3, torment resistance, unbreathing
a: Potion Petition, Call Merchant, Bribe Branch, Renounce Religion


You were in an ossuary.
You worshipped Gozag.
Gozag was noncommittal.
You were not hungry.

You visited 1 branch of the dungeon, and saw 5 of its levels.
You also visited: Ossuary.

You collected 495 gold pieces.
You paid 36 gold pieces to Gozag.

Inventory:

Hand weapons
 a - a +0 flail
 b - a +0 hunting sling (weapon)
 c - a cursed -1 whip
 e - a +0 dagger
 A - a +1 whip of flaming
   (You found it on level 3 of the Dungeon)
 B - a +0 blowgun
Missiles
 r - 9 poisoned needles
 Y - a throwing net
 Z - 98 stones (quivered)
Armour
 s - a +1 chain mail of fire resistance (worn)
   (You found it on level 3 of the Dungeon)
Jewellery
 m - a +4 ring of strength (left hand)
Magical devices
 i - a wand of magic darts (15)
 j - a wand of frost (21)
Scrolls
 d - 4 scrolls of teleportation {!r}
 f - a scroll of enchant weapon
 h - 2 scrolls of fog
 l - 2 scrolls of remove curse
 n - a scroll of blinking
 q - a scroll of fear {unknown}
Books
 g - a book of Transfigurations


   Skills:
 + Level 4.8 Fighting
   Level 1.0 Long Blades
 * Level 6.4 Maces & Flails
 - Level 1.0 Armour
 - Level 1.0 Dodging
 - Level 1.5 Stealth
 - Level 1.0 Evocations


You had 6 spell levels left.
You didn't know any spells.

Dungeon Overview and Level Annotations

Branches:
Dungeon (5/15)
 Temple: D:4-7

Altars:
Gozag
Ru
Vehumet

Shops:
D:3 *

Annotations:
D:4 vpUX: Pikey!


Innate Abilities, Weirdness & Mutations

You do not eat or drink.
Your flesh is vulnerable to fire.
You are immune to poison.
Your flesh is cold resistant.
You are immune to negative energy.
You are immune to unholy pain and torment.
You can survive without breathing.


Message History

Press: ? - help, Shift-Dir - straight line, f/p - mummy
Aim: a mummy (moderately damaged)
You shoot a stone. The stone hits the mummy.
The mummy is moderately damaged.
Firing (i - inventory):
Z - 104 stones (quivered)
Press: ? - help, Shift-Dir - straight line, f/p - mummy
Aim: a mummy (moderately damaged)
You shoot a stone.
The stone hits the mummy but does no damage.
The mummy is moderately damaged.
Firing (i - inventory):
Z - 103 stones (quivered)
Press: ? - help, Shift-Dir - straight line, f/p - mummy
Aim: a mummy (moderately damaged)
You shoot a stone.
The stone hits the mummy but does no damage.
The mummy is moderately damaged.
Read which item? (? for menu, Esc to quit)
Blink to where?
Press: ? - help, Dir - move target cursor, p - mummy You are very lightly contaminated with residual magic.
As you read the scroll of blinking, it crumbles to dust.
Firing (i - inventory):
Z - 102 stones (quivered)
Press: ? - help, Shift-Dir - straight line, f - mummy
Aim: a mummy (moderately damaged)
You shoot a stone. The stone barely misses the mummy.
Firing (i - inventory):
Z - 101 stones (quivered)
Press: ? - help, Shift-Dir - straight line, f/p - mummy
Aim: a mummy (moderately damaged)
You shoot a stone. The stone closely misses the mummy.
Firing (i - inventory):
Z - 100 stones (quivered)
Press: ? - help, Shift-Dir - straight line, f/p - mummy
Aim: a mummy (moderately damaged)
You shoot a stone. The stone completely misses the mummy.
The sentinel's mark upon you fades away.
Firing (i - inventory):
Z - 99 stones (quivered)
Press: ? - help, Shift-Dir - straight line, f/p - mummy
Aim: a mummy (moderately damaged)
You shoot a stone. The stone hits the mummy.
The mummy is moderately damaged.
A large net falls onto you!
You become entangled in the net!
You see here a throwing net.
Unknown command.
You struggle against the net.
You try to slip out of the net.
You try to slip out of the net.
You slip out of the net!
Y - a throwing net The mummy hits you!
You die...
Your body crumbles into a pile of gold.

#########
#+#+#+#+#+#+#.......###
........^...^.........##
.......^....(..($.((($.#
......^.......(∩^$(((..#
..M.........@M.^(.(....#
.........^............##
#+#+#+#+#+#+#.......###
#########


You could see a mummy.

Vanquished Creatures
  An ogre (D:3)
  Blork the orc (D:4)
  A giant frog (D:4)
  3 scorpions (D:4)
  A hound (D:5)
  An orc priest (D:4)
  An iguana (D:4)
  An orc wizard (D:4)
  3 worker ants
  A hound zombie (D:5)
  3 mummies (Ossuary)
  A worker ant zombie (D:5)
  5 gnolls
  4 adders
  2 oozes
  2 worms (D:2)
  3 giant geckos
  10 orcs
  2 ball pythons
  5 giant cockroaches
  9 hobgoblins
  8 jackals
  3 quokkas
  2 bats (D:1)
  2 giant gecko skeletons (D:4)
  4 giant newts
  8 goblins
  7 kobolds
  10 rats
104 creatures vanquished.

Notes
Turn   | Place    | Note
--------------------------------------------------------------
     0 | D:1      | Gorice the Mummy Wanderer began the quest for the Orb.
     0 | D:1      | Gorice set off with: a +0 leather armour, a !bad item (cl:100,ty:0,pl:0,pl2:0,sp:0,qu:0), a +0 mace, a scroll of teleportation {!r}, a +0 dagger, a !bad item (cl:100,ty:0,pl:0,pl2:0,sp:0,qu:0), a !bad item (cl:100,ty:0,pl:0,pl2:0,sp:0,qu:0), a !bad item (cl:100,ty:0,pl:0,pl2:0,sp:0,qu:0), a !bad item (cl:100,ty:0,pl:0,pl2:0,sp:0,qu:0), a !bad item (cl:100,ty:0,pl:0,pl2:0,sp:0,qu:0), a !bad item (cl:100,ty:0,pl:0,pl2:0,sp:0,qu:0), a !bad item (cl:100,ty:0,pl:0,pl2:0,sp:0,qu:0), a !bad item (cl:100,ty:0,pl:0,pl2:0,sp:0,qu:0), a !bad item (cl:100,ty:0,pl:0,pl2:0,sp:0,qu:0), a !bad item (cl:100,ty:0,pl:0,pl2:0,sp:0,qu:0), a !bad item (cl:100,ty:0,pl:0,pl2:0,sp:0,qu:0), a !bad item (cl:100,ty:0,pl:0,pl2:0,sp:0,qu:0), a !bad item (cl:100,ty:0,pl:0,pl2:0,sp:0,qu:0), a !bad item (cl:100,ty:0,pl:0,pl2:0,sp:0,qu:0), a !bad item (cl:100,ty:0,pl:0,pl2:0,sp:0,qu:0), a !bad item (cl:100,ty:0,pl:0,pl2:0,sp:0,qu:0), a !bad item (cl:100,ty:0,pl:0,pl2:0,sp:0,qu:0), a !bad item (cl:100,ty:0,pl:0,pl2:0,sp:0,qu:0), a !bad item (cl:100,ty:0,pl:0,pl2:0,sp:0,qu:0), a !bad item (cl:100,ty:0,pl:0,pl2:0,sp:0,qu:0), a !bad item (cl:100,ty:0,pl:0,pl2:0,sp:0,qu:0), a !bad item (cl:100,ty:0,pl:0,pl2:0,sp:0,qu:0), a !bad item (cl:100,ty:0,pl:0,pl2:0,sp:0,qu:0), a !bad item (cl:100,ty:0,pl:0,pl2:0,sp:0,qu:0), a !bad item (cl:100,ty:0,pl:0,pl2:0,sp:0,qu:0), a !bad item (cl:100,ty:0,pl:0,pl2:0,sp:0,qu:0), a !bad item (cl:100,ty:0,pl:0,pl2:0,sp:0,qu:0), a !bad item (cl:100,ty:0,pl:0,pl2:0,sp:0,qu:0), a !bad item (cl:100,ty:0,pl:0,pl2:0,sp:0,qu:0), a !bad item (cl:100,ty:0,pl:0,pl2:0,sp:0,qu:0), a !bad item (cl:100,ty:0,pl:0,pl2:0,sp:0,qu:0), a !bad item (cl:100,ty:0,pl:0,pl2:0,sp:0,qu:0), a !bad item (cl:100,ty:0,pl:0,pl2:0,sp:0,qu:0), a !bad item (cl:100,ty:0,pl:0,pl2:0,sp:0,qu:0), a !bad item (cl:100,ty:0,pl:0,pl2:0,sp:0,qu:0), a !bad item (cl:100,ty:0,pl:0,pl2:0,sp:0,qu:0), a !bad item (cl:100,ty:0,pl:0,pl2:0,sp:0,qu:0), a !bad item (cl:100,ty:0,pl:0,pl2:0,sp:0,qu:0), a !bad item (cl:100,ty:0,pl:0,pl2:0,sp:0,qu:0), a !bad item (cl:100,ty:0,pl:0,pl2:0,sp:0,qu:0), a !bad item (cl:100,ty:0,pl:0,pl2:0,sp:0,qu:0), a !bad item (cl:100,ty:0,pl:0,pl2:0,sp:0,qu:0), a !bad item (cl:100,ty:0,pl:0,pl2:0,sp:0,qu:0), a !bad item (cl:100,ty:0,pl:0,pl2:0,sp:0,qu:0), a !bad item (cl:100,ty:0,pl:0,pl2:0,sp:0,qu:0), 3 throwing nets, a !bad item (cl:100,ty:0,pl:0,pl2:0,sp:0,qu:0)
     0 | D:1      | Reached XP level 1. HP: 15/15 MP: 1/1
   523 | D:1      | Reached XP level 2. HP: 21/21 MP: 2/2
   634 | D:1      | Reached skill level 3 in Maces & Flails
   740 | D:1      | HP: 6/21 [gnoll/flail (8)]
   763 | D:1      | HP: 6/21 [giant newt (1)]
  1108 | D:1      | Reached XP level 3. HP: 19/26 MP: 3/3
  2171 | D:2      | Reached skill level 2 in Fighting
  2237 | D:2      | Found a sacrificial altar of Ru.
  2460 | D:2      | Reached XP level 4. HP: 33/33 MP: 4/4
  3105 | D:3      | Reached skill level 4 in Maces & Flails
  3251 | D:3      | Found Gozag's Platinum Reserve.
  3254 | D:3      | Found an opulent altar of Gozag.
  3277 | D:3      | Became a worshipper of Gozag Ym Sagoz the Greedy
  3649 | D:4      | Reached XP level 5. HP: 39/39 MP: 5/5
  3677 | D:4      | Noticed Blork the orc
  3692 | D:4      | Killed Blork the orc
  3692 | D:4      | Reached skill level 3 in Fighting
  3717 | D:4      | Noticed an ogre
  3746 | D:3      | Killed an ogre
  3746 | D:3      | Reached skill level 5 in Maces & Flails
  3746 | D:3      | Reached XP level 6. HP: 22/47 MP: 6/6
  4613 | D:4      | Noticed a giant frog
  4620 | D:4      | Killed a giant frog
  4620 | D:4      | Reached skill level 4 in Fighting
  4830 | D:4      | Reached XP level 7. HP: 19/54 MP: 7/7
  5104 | D:4      | Noticed a slave
  5345 | D:5      | Entered Level 5 of the Dungeon
  5345 | D:5      | Found a radiant altar of Vehumet.
  5587 | D:4      | Reached skill level 6 in Maces & Flails
  5861 | D:5      | Found a sand-covered staircase.
  5866 | Ossuary  | Entered an ossuary
  5885 | Ossuary  | HP: 7/55 [mummy (10)]
  5894 | Ossuary  | HP: 10/55 [mummy (10)]
  5942 | Ossuary  | HP: 7/55 [mummy (12)]
  5963 | Ossuary  | Slain by a mummy

Vault maps used:
D:1:      minmay_arrival_stair_chambers
D:2:      nicolae_ru_great_annihilating_truth
D:3:      nicolae_gozag_zags_fifth_avenue
D:4:      kennysheep_big_flooded_room, uniq_blork_the_orc, uniq_pikel
D:5:      lemuel_ratsnest, basic_altar, first_bread, enter_ossuary_2,
          mrwooster_statue_mirror, kb_lookout_dungeons_type,
          nicolae_dithmenos_through_a_glass_darkly
Ossuary:  ossuary_the_hunt_dpeg

Action                   |  1- 3 |  4- 6 |  7- 9 || total
-------------------------+-------+-------+-------++-------
Melee: Mace              |    54 |       |       ||    54
       Flail             |    58 |   121 |   102 ||   281
       Whip              |       |    14 |       ||    14
 Fire: Hunting sling     |    23 |    44 |    44 ||   111
       Blowgun           |       |     9 |       ||     9
Throw: Stone             |    23 |       |       ||    23
       Throwing net      |     1 |     2 |       ||     3
Invok: Potion Petition   |       |       |     1 ||     1
  Use: Scroll            |     1 |     3 |     6 ||    10
 Stab: Held in net/web   |     1 |     2 |       ||     3
       Invisible         |     1 |       |       ||     1
       Paralysed         |     1 |       |       ||     1
       Distracted        |       |       |     1 ||     1

Table legend:
 A = Turns spent in this place as a percentage of turns spent in the entire game.
 B = Non-inter-level travel turns spent in this place as a percentage of non-inter-level travel turns spent in the entire game.
 C = Inter-level travel turns spent in this place as a percentage of turns spent in this place.
 D = Turns resting spent in this place as a percentage of non-inter-level travel turns spent in this place.
 E = Turns spent auto-exploring this place as a percentage of non-inter-level travel turns spent in this place.
 F = Non-inter-level travel turns spent in this place divided by the number of levels of this place that you've seen.
                   A       B       C       D       E      F
               +-------+-------+-------+-------+-------+----------------------
         Total | 100.0 | 100.0 |   0.4 |   2.1 |   4.2 | 342.5
       Dungeon |  95.8 |  95.8 |   0.5 |   2.0 |   4.4 | 393.8
       Ossuary |   4.2 |   4.2 |   0.0 |   4.7 |   0.0 |  86.0
               +-------+-------+-------+-------+-------+----------------------

Vault maps used:
D:1:      minmay_arrival_stair_chambers
D:2:      nicolae_ru_great_annihilating_truth
D:3:      nicolae_gozag_zags_fifth_avenue
D:4:      kennysheep_big_flooded_room, uniq_blork_the_orc, uniq_pikel
D:5:      lemuel_ratsnest, basic_altar, first_bread, enter_ossuary_2,
          mrwooster_statue_mirror, kb_lookout_dungeons_type,
          nicolae_dithmenos_through_a_glass_darkly
Ossuary:  ossuary_the_hunt_dpeg
